 Dungeon Crawl Stone Soup version 0.29-a0-275-g389c0b56f3 (webtiles) character file.

Game seed: 10524423167574679659

11593 freelancePsychic the Marksminotaur (level 11, -10/94 HPs)
             Began as a Minotaur Hunter on Mar 10, 2022.
             Was a Priest of Hepliaklqana.
             Mangled by a centaur warrior
             ... wielding a +0 battleaxe
              (13 damage)
             ... on level 11 of the Dungeon on Mar 11, 2022.
             The game lasted 00:18:19 (10338 turns).

freelancePsychic the Marksminotaur (MiHu)          Turns: 10338, Time: 00:18:19

Health: -10/94     AC: 13    Str: 17    XL:     11   Next: 51%
Magic:  0/12       EV: 12    Int: 10    God:    Hepliaklqana [***...]
Gold:   512        SH:  0    Dex: 15    Spells: 10/10 levels left

rFire   . . .      SeeInvis .   a - +2 shortbow (freeze)
rCold   . . .      Faith    .   (shield currently unavailable)
rNeg    + . .      Spirit   +   e - +3 leather armour
rPois   .          Reflect  .   o - +2 hat
rElec   .          Harm     .   n - +0 cloak
rCorr   .          Rampage  .   b - +0 pair of gloves
Will    +....                   H - +1 pair of boots "Sauh" {rN+ Int+2}
Stlth   +.........              s - amulet of guardian spirit
HPRegen 0.25/turn               q - ring of willpower
MPRegen 0.13/turn               (no ring)

@: no status effects
A: reduced essence, horns 2, retaliatory headbutt
a: Renounce Religion, Recall Ancestor, Ancestor Identity, Transference


You were on level 11 of the Dungeon.
You worshipped Hepliaklqana.
Hepliaklqana was most pleased with you.
You visited 2 branches of the dungeon, and saw 12 of its levels.
You also visited: Sewer.

You collected 512 gold pieces.

Inventory:

Hand Weapons
 a - a +2 shortbow of freezing (weapon)
Armour
 b - a +0 pair of gloves (worn)
 e - a +3 leather armour (worn)
 f - a scarf of invisibility
 n - a +0 cloak (worn)
 o - a +2 hat (worn)
 H - the +1 pair of boots "Sauh" (worn) {rN+ Int+2}
   (You acquired it on level 10 of the Dungeon)

   Int:       It affects your intelligence (+2).
   rN:        It protects you from negative energy.
Jewellery
 q - a ring of willpower (left hand)
 s - an amulet of guardian spirit (around neck)
 B - a ring of wizardry
 C - a ring of flight
 K - an amulet of magic regeneration
Wands
 m - a wand of paralysis (1)
 A - a wand of flame (24)
 I - a wand of digging (5)
Scrolls
 c - 2 scrolls of immolation
 g - 2 scrolls of blinking
 h - 4 scrolls of vulnerability
 i - 2 scrolls of fog
 k - 4 scrolls of teleportation {@r4}
 l - a scroll of magic mapping
 r - a scroll of summoning
 u - 2 scrolls of amnesia
 y - 3 scrolls of enchant weapon
 D - a scroll of brand weapon
Potions
 d - 4 potions of might
 j - 4 potions of flight
 p - 2 potions of heal wounds {unknown}
 t - a potion of berserk rage {unknown}
 v - 4 potions of attraction {unknown}
 w - 2 potions of degeneration {unknown}
 x - a potion of haste {unknown}
 z - 3 potions of mutation {unknown}
 E - 2 potions of curing {@q1}
 F - a potion of brilliance {unknown}
 G - a potion of magic {unknown}
 J - a potion of cancellation {unknown}


   Skills:
 + Level 12.3 Fighting
 * Level 16.0 Bows
 + Level 5.3 Armour
 - Level 2.1 Dodging
 - Level 0.7 Stealth
 + Level 2.9 Invocations


You had 10 spell levels left.
You didn't know any spells.
Your spell library contained the following spells:

 Spells                   Type           Power      Damage    Failure   Level
 Sandblast                Erth           0%         2d4       41%         1
 Blink                    Tloc           0%         N/A       56%         2
 Passwall                 Tmut/Erth      0%         N/A       56%         2
 Inner Flame              Hex/Fire       0%         N/A       80%         3
 Lesser Beckoning         Tloc           0%         N/A       80%         3
 Stone Arrow              Conj/Erth      0%         3d7       80%         3
 Cause Fear               Hex            0%         N/A       99%         4
 Petrify                  Tmut/Erth      0%         N/A       99%         4
 Manifold Assault         Tloc           0%         N/A       100%        5
 Metabolic Englaciation   Hex/Ice        0%         N/A       100%        5
 Summon Forest            Summ/Tloc      0%         N/A       100%        5
 Eringya's Noxious Bog    Tmut/Pois      0%         N/A       100%        6
 Statue Form              Tmut/Erth      0%         N/A       100%        6
 Summon Hydra             Summ           0%         N/A       100%        7
 Discord                  Hex            0%         N/A       100%        8


Dungeon Overview and Level Annotations

Branches:
Dungeon (11/15)            Temple (1/1) D:4            Lair (0/6) D:8
  Sewer (visited)
    Orc: D:9-12

Altars:
Ashenzari
Cheibriados
Dithmenos
Elyvilon
Fedhas
Gozag
Hepliaklqana
Kikubaaqudgha
Makhleb
Nemelex Xobeh
Okawaru
Qazlal
Ru
Sif Muna
Trog
Uskayaw
Vehumet
Wu Jian
Xom
Yredelemnul
Zin
The Shining One

Shops:
D:7 *   D:8 :   D:9 !


Innate Abilities, Weirdness & Mutations

Your life essence is reduced to manifest your ancestor. (-10% HP)
You have a pair of horns on your head.
You reflexively headbutt those who attack you in melee.


Message History

The centaur warrior is almost dead.
The centaur warrior hits you with a +0 battleaxe!
* * * LOW HITPOINT WARNING * * *
The centaur warrior kicks you.
* * * LOW HITPOINT WARNING * * *
Shoot: a) +2 shortbow (freeze)
Press: ? - help, Shift-Dir - straight line, f/p - centaur warrior
Aim: a centaur warrior, wielding a +0 battleaxe and quivering silver javelins (almost dead, 78% to hit)
You shoot an arrow. The arrow hits the centaur warrior.
The arrow freezes the centaur warrior.
The centaur warrior is almost dead.
The centaur warrior hits you with a +0 battleaxe.
* * * LOW HITPOINT WARNING * * *
The centaur warrior kicks you but does no damage.
Shoot: a) +2 shortbow (freeze)
Press: ? - help, Shift-Dir - straight line, f/p - centaur warrior
Aim: a centaur warrior, wielding a +0 battleaxe and quivering silver javelins (almost dead, 78% to hit)
You shoot an arrow.
The arrow barely misses the centaur warrior.
The centaur warrior hits you with a +0 battleaxe!
* * * LOW HITPOINT WARNING * * *
The centaur warrior barely misses you.
Shoot: a) +2 shortbow (freeze)
Press: ? - help, Shift-Dir - straight line, f/p - centaur warrior
Aim: a centaur warrior, wielding a +0 battleaxe and quivering silver javelins (almost dead, 78% to hit)
Shoot: a) +2 shortbow (freeze)
Press: ? - help, Shift-Dir - straight line, f/p - centaur warrior
Aim: a centaur warrior, wielding a +0 battleaxe and quivering silver javelins (almost dead, 78% to hit)
You shoot an arrow.
The arrow closely misses the centaur warrior.
The centaur warrior closely misses you. You furiously retaliate!
You headbutt the centaur warrior.
The centaur warrior kicks you but does no damage.
Shoot: a) +2 shortbow (freeze)
Press: ? - help, Shift-Dir - straight line, f/p - centaur warrior
Aim: a centaur warrior, wielding a +0 battleaxe and quivering silver javelins (almost dead, 78% to hit)
You shoot an arrow.
The arrow barely misses the centaur warrior.
The centaur warrior hits you with a +0 battleaxe!
You die...

# #..# # #..# # ..
#..# # ..## #..# #
..... #..# # .......
####..# #
......).#[[#..# #
#...##.$#([#..# #
##...###†c@.#..# #
##.....##)#[[#..# #
........)#[.#..# #
#8.8### ####..# ##
##'## ##..# .# #.c.#
#...# .###
#.o)#######.#.#
......###o###........#
.........cc.....[....#


You could see a centaur warrior.

Vanquished Creatures
  A centaur warrior (D:11)
  A two-headed ogre (D:10)
  Pikel (D:7)
  Joseph (D:6)
  6 yaks
  A wraith (D:8)
  Eustachio (D:6)
  2 steam dragons
  A wyvern (D:5)
  Menkaure (D:6)
  2 sky beasts
  A black bear (D:4)
  6 orc warriors
  An ogre (D:5)
  2 wolves (D:5)
  4 centaurs
  2 kobold brigands (D:9)
  Blork the orc (D:4)
  3 bullfrogs
  3 gnoll sergeants (D:5)
  3 scorpions
  A necrophage (D:8)
  8 wights
  10 killer bees
  6 howler monkeys
  9 hounds
  2 jellies
  8 orc priests
  3 gnoll shamans
  7 orc wizards
  4 iguanas
  19 gnolls
  5 adders
  A river rat (D:4)
  A worm (D:4)
  18 orcs
  14 ball pythons
  8 endoplasms
  12 giant cockroaches
  4 goblins
  5 hobgoblins
  4 jackals (D:2)
  10 quokkas
  8 bats
  9 frilled lizards
  15 kobolds
  10 rats
245 creatures vanquished.

Vanquished Creatures (collateral kills)
  2 centaur warriors (D:11)
  A manticore (D:11)
  Sigmund (D:6)
  A shadow (D:9)
  3 yaks (D:11)
  7 orc warriors
  A centaur (D:8)
  A lemure (D:7)
  A kobold brigand (D:9)
  A bullfrog (D:9)
  2 wights (D:9)
  A killer bee (D:7)
  A gnoll shaman (D:8)
  An orc wizard (D:10)
  A gnoll (D:8)
  An orc (D:6)
  2 kobolds (D:9)
28 creatures vanquished.

Vanquished Creatures (others)
  4 knights
  2 ancestors
6 creatures vanquished.

Grand Total: 279 creatures vanquished

Notes
Turn   | Place    | Note
-------+----------+-------------------------------------------
     0 | D:1      | freelancePsychic the Minotaur Hunter began the quest for
                  | the Orb.
     0 | D:1      | Reached XP level 1. HP: 18/18 MP: 0/0
    27 | D:1      | Found a faded altar of an unknown god.
   288 | D:1      | Reached XP level 2. HP: 25/25 MP: 1/1
   785 | D:2      | Reached skill level 5 in Bows
   824 | D:2      | Reached XP level 3. HP: 28/31 MP: 2/2
  1372 | D:2      | Reached XP level 4. HP: 37/38 MP: 3/3
  1894 | D:3      | Found a stormy altar of Qazlal.
  1901 | D:3      | Found a burning altar of Makhleb.
  2400 | D:4      | Found a glowing drain.
  2415 | D:4      | Reached skill level 6 in Bows
  2534 | Sewer    | Entered a sewer
  2674 | Sewer    | Reached XP level 5. HP: 46/46 MP: 4/4
  2727 | Sewer    | Reached skill level 7 in Bows
  2727 | Sewer    | Reached XP level 6. HP: 22/53 MP: 5/5
  3036 | D:4      | Noticed a sky beast
  3040 | D:4      | Killed a sky beast
  3041 | D:4      | Reached skill level 5 in Fighting
  3107 | D:4      | Noticed Blork the orc
  3113 | D:4      | Killed Blork the orc
  3114 | D:4      | Reached skill level 8 in Bows
  3222 | D:4      | Reached XP level 7. HP: 62/62 MP: 6/6
  3611 | D:4      | Found a staircase to the Ecumenical Temple.
  3620 | Temple   | Entered the Ecumenical Temple
  3769 | Temple   | Became a worshipper of Hepliaklqana the Forgotten
  4010 | D:5      | Entered Level 5 of the Dungeon
  4037 | D:5      | Noticed a wyvern
  4038 | D:5      | Reached skill level 9 in Bows
  4047 | D:5      | HP: 3/64 [wolf (6)]
  4467 | D:5      | Killed a wyvern
  4517 | D:5      | Reached XP level 8. HP: 71/71 MP: 7/7
  4829 | D:5      | Reached skill level 10 in Bows
  5817 | D:5      | Reached skill level 11 in Bows
  6006 | D:5      | Reached XP level 9. HP: 58/82 MP: 6/8
  6447 | D:6      | Noticed Menkaure
  6454 | D:6      | Killed Menkaure
  6525 | D:6      | Reached * piety under Hepliaklqana
  6725 | D:6      | Noticed Eustachio
  6729 | D:6      | Killed Eustachio
  6730 | D:6      | Reached skill level 12 in Bows
  6761 | D:6      | Noticed Sigmund
  6767 | D:6      | Killed Sigmund
  6787 | D:6      | Found a shimmering blue altar of Sif Muna.
  7188 | D:7      | Reached skill level 13 in Bows
  7196 | D:7      | Noticed Joseph
  7197 | D:7      | Reached skill level 10 in Fighting
  7279 | D:6      | Killed Joseph
  7280 | D:6      | Reached XP level 10. HP: 13/83 MP: 3/9
  7841 | D:7      | Found Xinecig's General Store.
  7889 | D:7      | Noticed Pikel
  7898 | D:7      | Killed Pikel
  8115 | D:8      | Found Micost's Book Emporium.
  8187 | D:8      | Reached skill level 14 in Bows
  8429 | D:8      | Found a staircase to the Lair.
  8511 | D:8      | Reached ** piety under Hepliaklqana
  8547 | D:8      | Remembered your ancestor Sir Line as a knight
  8758 | D:9      | Found Wavvut's Distillery.
  8791 | D:9      | Found a snail-covered altar of Cheibriados.
  8803 | D:9      | Reached skill level 1 in Armour
  9119 | D:9      | Identified the +1 pair of boots of the Villain {rElec rC-
                  | SInv}
  9310 | D:9      | Identified the +2 robe of Dyspraxia {rF+ rC+ Int+3}
  9328 | D:10     | Entered Level 10 of the Dungeon
  9401 | D:10     | Found a glowing silver altar of Zin.
  9431 | D:10     | Found a sparkling altar of Nemelex Xobeh.
  9517 | D:10     | Reached skill level 15 in Bows
  9519 | D:10     | Identified a scroll of acquirement
  9522 | D:10     | Acquired the +1 pair of boots "Sauh" {rN+ Int+2}
  9702 | D:10     | Noticed a two-headed ogre
  9714 | D:10     | Killed a two-headed ogre
  9715 | D:10     | Reached XP level 11. HP: 93/93 MP: 10/10
  9915 | D:11     | Reached skill level 1 in Invocations
 10046 | D:11     | Reached *** piety under Hepliaklqana
 10070 | D:11     | Noticed a centaur warrior
 10075 | D:11     | Noticed a centaur warrior
 10082 | D:11     | Noticed a centaur warrior
 10089 | D:11     | Killed a centaur warrior
 10089 | D:11     | Noticed a centaur warrior
 10134 | D:11     | Killed a centaur warrior
 10172 | D:11     | Reached skill level 5 in Armour
 10317 | D:11     | Noticed a centaur warrior
 10327 | D:11     | Killed a centaur warrior
 10328 | D:11     | Reached skill level 16 in Bows
 10336 | D:11     | HP: 3/94 [centaur warrior/+0 battleaxe (11)]
 10338 | D:11     | Mangled by a centaur warrior

Illustrated notes

Levels and vault maps discovered:
D:1:      wander_arrival_chamber, layout_loops_cross,
          chequers_ecumenical_altar_twisty, minmay_fountain_box
D:2:      layout_loops_ring, st_stairs_6
D:3:      layout_basic, mainiacjoe_overflow_big_doors, st_stairs_4,
          serial_park_tiny_2, minmay_misc_feat_four_crosses,
          grunt_decor_arrowhead
D:4:      layout_loops_ring, temple_fountains, portal_sewer_entry_b,
          uniq_blork_the_orc
D:5:      layout_cave_pools, serial_gnoll_camp, gnoll_camp_mini_house,
          gnoll_camp_mini_house, gnoll_camp_mini_loothouse,
          gnoll_camp_huts_basic, gnoll_camp_mini_hut
D:6:      layout_cave_pods, nicolae_sif_muna_little_library, uniq_sigmund,
          uniq_menkaure, uniq_eustachio
D:7:      cheibrodos_quashed, layout_rooms, serial_shops,
          nicolae_take_the_stairs, uniq_pikel, uniq_joseph
D:8:      layout_rooms, lair_entry_dummy, serial_shops, nicolae_stop_n_shop_2
D:9:      layout_rooms, lemuel_crystal_altar, serial_shops, shop,
          minmay_starry_boxes
D:10:     layout_cave_pools, mainiacjoe_overflow_catwalk_spiral
D:11:     evilmike_iron_armoury, layout_rooms, lightli_corner_chamber
Temple:   nicolae_temple_elliptical

Skill      XL: |  1  2  3  4  5  6  7  8  9 10 11 |
---------------+----------------------------------+-----
Fighting       | 3 4 5 6 8 10 11 12 | 12.3
Bows           | 5 6 7 8 9 11 13 15 16 | 16.0
Armour         | 3 5 |  5.3
Invocations    | 2 |  2.9
Dodging        | |  2.1
Stealth        | |  0.7

Action                   |  1- 3 |  4- 6 |  7- 9 | 10-12 || total
-------------------------+-------+-------+-------+-------++-------
 Fire: Shortbow          |    88 |   180 |   307 |   381 ||   956
Invok: Ancestor Identity |       |       |     1 |       ||     1
       Ancestor Life: Kn |       |       |       |     1 ||     1
       Recall Ancestor   |       |       |       |     1 ||     1
Evoke: Wand              |       |       |     1 |       ||     1
  Use: Scroll            |     3 |     5 |     5 |     7 ||    20
       Potion            |       |       |     3 |       ||     3
Armor: Leather armour    |     8 |    13 |    31 |    25 ||    77
Dodge: Dodged            |    17 |    41 |    56 |    35 ||   149

Table legend: (Time is in decaauts)
 A = Elapsed time spent in this place.
 B = Non-inter-level travel time spent in this place.
 C = Inter-level travel time spent in this place.
 D = Time resting spent in this place.
 E = Time spent auto-exploring this place.
 F = Levels seen in this place.
 G = Mean time per level.
                   A        B        C        D        E       F      G
               +--------+--------+--------+--------+--------+-----+--------+
         Total |  10361 |   9900 |    461 |   1213 |   6979 |  13 |  797.0 |
       Dungeon |   9731 |   9302 |    429 |   1213 |   6552 |  11 |  884.6 |
        Temple |    159 |    128 |     31 |      0 |     81 |   1 |  159.0 |
         Sewer |    469 |    469 |      0 |      0 |    346 |   1 |  469.0 |
               +--------+--------+--------+--------+--------+-----+--------+

Top non-repeatable levels by time:
     D:4: 2112 daAuts
     D:6: 1311 daAuts
     D:5: 1160 daAuts
     D:2: 1019 daAuts
     D:1: 789 daAuts
     D:9: 694 daAuts
     D:3: 623 daAuts
     D:7: 559 daAuts
    D:10: 543 daAuts
     D:8: 496 daAuts
   Sewer: 469 daAuts
    D:11: 421 daAuts
  Temple: 159 daAuts
